 Dungeon Crawl Stone Soup version 0.30.1-11-g7821555f0a (webtiles) character file.

Game seed: 17459657889243718005

238 Martska the Ducker (level 6, -3/48 HPs)
             Began as a Human Gladiator on Dec 1, 2023.
             Slain by an ogre
             ... wielding a +0 giant spiked club
              (14 damage)
             ... on level 4 of the Dungeon.
             The game lasted 00:07:02 (4260 turns).

Martska the Ducker (Human Gladiator)                Turns: 4260, Time: 00:07:02

Health: -3/48      AC: 11    Str: 15    XL:     6   Next: 28%
Magic:  6/6        EV: 13    Int:  8    God:
Gold:   198        SH:  0    Dex: 16    Spells: 5/5 levels left

rFire   . . .        g - +1 dagger (protect)
rCold   + . .        (no shield)
rNeg    . . .        a - +0 leather armour
rPois   +            b - +0 helmet
rElec   .            (no cloak)
rCorr   .            (no gloves)
SInv    .            (no boots)
Will    .....        (no amulet)
Stlth   ++           k - ring of protection from cold
HPRegen 0.28/turn    o - ring of poison resistance
MPRegen 0.10/turn

%: no passive effects
@: under a protective aura
A: no striking features
a: no special abilities


You were on level 4 of the Dungeon.
You visited 1 branch of the dungeon, and saw 4 of its levels.

You collected 198 gold pieces.

Inventory:

Hand Weapons
 f - a +0 dagger
 g - a +1 dagger of protection (weapon)
Missiles
 c - 4 throwing nets (quivered)
 d - a javelin
Armour
 a - a +0 leather armour (worn)
 b - a +0 helmet (worn)
Jewellery
 k - a ring of protection from cold (left hand)
 o - a ring of poison resistance (right hand)
Wands
 l - a wand of digging (5)
Scrolls
 m - a scroll of brand weapon {unknown}
 p - a scroll of identify
Potions
 e - a potion of brilliance
 h - a potion of attraction
 i - 2 potions of lignification
 j - a potion of invisibility {unknown}
 n - a potion of flight {unknown}
 q - a potion of degeneration {unknown}


   Skills:
 * Level 3.8 Fighting
 - Level 2.0 Throwing
 * Level 4.5 Dodging
 * Level 3.3 Stealth
 - Level 3.0 Unarmed Combat


You had 5 spell levels left.
You didn't know any spells.
Your spell library was empty.

Dungeon Overview and Level Annotations

Branches:
Dungeon (4/15)
 Temple: D:4-7

Altars:
Kikubaaqudgha
Okawaru
Ru


Message History

You completely miss the ogre.
The ogre is lightly wounded.
You hit the ogre.
The ogre is moderately wounded.
The ogre closely misses you.
You hit the ogre. You punch the ogre.
The ogre is moderately wounded.
The ogre barely misses you.
You barely miss the ogre.
The ogre is moderately wounded.
You hit the ogre.
The ogre is heavily wounded.
The ogre misses you.
You hit the ogre.
The ogre is heavily wounded.
The ogre hits you with a +0 giant spiked club!!
Ouch! That really hurt!
You hit the ogre.
The ogre is severely wounded.
You barely miss the ogre.
The ogre is severely wounded.
The ogre closely misses you.
You hit the ogre.
The ogre is severely wounded.
The ogre closely misses you.
You barely miss the ogre. You punch the ogre.
The ogre is severely wounded.
You hit the ogre.
The ogre is severely wounded.
The ogre hits you with a +0 giant spiked club.
You hit the ogre.
The ogre is almost dead.
The ogre hits you with a +0 giant spiked club!
* * * LOW HITPOINT WARNING * * *
You hit the ogre.
The ogre is almost dead.
You hit the ogre.
The ogre is almost dead.
The ogre hits you with a +0 giant spiked club!
You die...

#.##..#.....#..###.##
###########.##..#'###'#..# ##.#
.)......†....#..#.....#..#####.
.######.####.'..+.._..+..+.###.
#.# #.# #.#..#.....#..#..##.
#.# #.# #.#..#+###+#..#.....
#.# #.# #.#..#.....#).##....
#.## #.# #.'##+##+##'##'.###.
#..## #.# ###@O...#.....### #.
##...# #.# #.....#.....# ..
.....# #.# ###+##+##'### ....
##.#.# .# #...#....##......
.#.#.####.# #............###.
.#.#..##..# #<#.#..####.##
.#.#......## #...........#
...#.......########.##.###..##
####.<...............#.###.....


You could see an ogre.

Vanquished Creatures
  A hound (D:3)
  Terence (D:2)
  Robin (D:2)
  5 adders (D:3)
  4 worms
  3 dart slugs
  An orc (D:4)
  7 endoplasms
  3 giant cockroaches
  18 goblins
  10 hobgoblins
  8 jackals
  12 kobolds
  5 quokkas
  7 ball pythons
  3 bats (D:1)
  8 frilled lizards
  6 rats
103 creatures vanquished.

Vanquished Creatures (others)
  A goblin (D:2)
1 creature vanquished.

Grand Total: 104 creatures vanquished

Notes
Turn   | Place    | Note
-------+----------+-------------------------------------------
     0 | D:1      | Martska the Human Gladiator began the quest for the Orb.
     0 | D:1      | Reached XP level 1. HP: 16/16 MP: 1/1
   131 | D:1      | Reached XP level 2. HP: 21/22 MP: 2/2
   201 | D:1      | Reached skill level 1 in Stealth
   455 | D:1      | Reached XP level 3. HP: 26/28 MP: 3/3
  1460 | D:2      | Noticed Robin
  1486 | D:2      | Reached XP level 4. HP: 25/34 MP: 4/4
  1531 | D:2      | HP: 1/34 [Robin/goblin (3)]
  1875 | D:2      | Killed Robin
  2167 | D:2      | Found a faded altar of an unknown god.
  2352 | D:2      | Identified the +0 robe of the Valley of Death {+Blink
                  | Dex+2}
  2403 | D:2      | Noticed Terence
  2450 | D:2      | HP: 1/35 [Terence/+0 hand axe (7)]
  2451 | D:2      | Killed Terence
  2452 | D:2      | Reached XP level 5. HP: 2/41 MP: 5/5
  2473 | D:2      | Reached skill level 4 in Dodging
  2987 | D:3      | Found an ancient bone altar of Kikubaaqudgha.
  3405 | D:3      | Found a sacrificial altar of Ru.
  3419 | D:3      | Reached XP level 6. HP: 43/47 MP: 6/6
  4079 | D:4      | Identified the +6 short sword "Najippis" {elec, rElec rF+
                  | Str-5}
  4189 | D:4      | Found an iron altar of Okawaru.
  4244 | D:4      | Noticed an ogre
  4260 | D:4      | Slain by an ogre

Illustrated notes

Levels and vault maps discovered:
D:1:      giann_bridges, layout_loops_ring, minmay_misc_feat_rugged,
          amcnicky_mini_rare_corridor_liquid, st_stairs_1,
          palyth_stone_intersect, minmay_lizard_pond
D:2:      layout_basic, dreamdust_ecumenical_altar_angels_and_demons,
          nicolae_figureground_sparkle, uniq_robin, uniq_terence
D:3:      layout_loops_ring, mainiacjoe_overflow_concentric_impassable,
          overflow_temple_1_default
D:4:      minmay_razor_zed, layout_loops_ring, mainiacjoe_overflow_24_doors,
          lemuel_doored_altar, serial_shops, nicolae_shop_waterfront,
          roderic_lattice_a, minmay_manual_mess

Skill      XL: |  1  2  3  4  5 |
---------------+----------------+-----
Stealth        | 1 2 3 |  3.3
Fighting       | 3 |  3.8
Dodging        | 4 |  4.5
Throwing       | |  2.0
Unarmed Combat | |  3.0

Action                     |  1- 3 |  4- 6 || total
---------------------------+-------+-------++-------
  Melee: Unarmed           |    30 |       ||    30
         Punch             |     5 |    11 ||    16
         Dagger            |   163 |   428 ||   591
    Use: Potion            |     3 |     2 ||     5
         Scroll            |       |     4 ||     4
   Stab: Sleeping          |     3 |     9 ||    12
 Armour: Leather armour    |    70 |   128 ||   198
         Skin              |     8 |    32 ||    40
  Dodge: Dodged            |   139 |   338 ||   477
